 Dungeon Crawl Stone Soup version 0.30-a0-918-g0ff054e9dc (webtiles) character file.

Game seed: 11613102685334804451

21585 gelatine the Cleaver (level 12, 0/92 HPs)
             Began as a Demonspawn Gladiator on Mar 20, 2023.
             Was a Believer of Uskayaw.
             Slain by an eight-headed hydra (11 damage)
             ... on level 4 of the Lair of Beasts.
             The game lasted 00:42:23 (12520 turns).

gelatine the Cleaver (Demonspawn Gladiator)        Turns: 12520, Time: 00:42:24

Health: 0/92       AC: 28    Str: 24    XL:     12   Next: 55%
Magic:  18/18      EV: 13    Int:  9    God:    Uskayaw [**....]
Gold:   657        SH:  0    Dex: 13    Spells: 16/18 levels left

rFire   . . .      SeeInvis .    b - +3 battleaxe
rCold   + . .      Faith    .    (shield currently unavailable)
rNeg    . . .      Spirit   .    V - +4 scale mail of Pantheism {rC+ Stlth+}
rPois   +          Reflect  .    c - +2 helmet
rElec   .          Rampage  .    L - +2 cloak
rCorr   .                        N - +1 pair of gloves
Will    .....                    O - +1 pair of boots
Stlth   +++                      (no amulet)
HPRegen 0.35/turn                R - +4 ring of protection
MPRegen 0.16/turn                z - ring of poison resistance

@: no status effects
A: powered by death 1, spiny 2, sharp scales 2, demonic touch 2, strong 1
a: Renounce Religion, Stomp, Line Pass


You were on level 4 of the Lair of Beasts.
You worshipped Uskayaw.
Uskayaw was aware of your devotion.
You visited 3 branches of the dungeon, and saw 15 of its levels.
You also visited: Sewer.

You collected 829 gold pieces.
You spent 172 gold pieces at shops.

Inventory:

Hand Weapons
 b - a +3 battleaxe (weapon)
 P - the +5 dagger "Zujonob" {freeze, rC+ Str+2 Int+3 SInv}
   (You found it on level 8 of the Dungeon)

   Str:       It affects your strength (+2).
   Int:       It affects your intelligence (+3).
   rC:        It protects you from cold.
   SInv:      It lets you see invisible.
Missiles
 e - a javelin
 r - 4 atropa-tipped darts
 B - 6 silver javelins
 D - 14 boomerangs (quivered)
 J - 43 poisoned darts
 W - 5 curare-tipped darts
Armour
 c - a +2 helmet (worn)
 l - a +0 robe of willpower
 m - a scarf of invisibility
 C - a +2 leather armour of poison resistance
 L - a +2 cloak (worn)
 N - a +1 pair of gloves (worn)
 O - a +1 pair of boots (worn)
 T - a +2 robe of cold resistance
 V - the +4 scale mail of Pantheism (worn) {rC+ Stlth+}
   (You found it on level 2 of the Lair of Beasts)

   rC:        It protects you from cold.
   Stlth:     It makes you more stealthy.
Jewellery
 f - an amulet of magic regeneration
 j - a +6 ring of dexterity
 o - a ring of wizardry
 u - a +6 ring of intelligence
 w - a ring of protection from fire
 x - a ring of see invisible
 z - a ring of poison resistance (right hand)
 R - a +4 ring of protection (left hand)
 S - a ring of ice
 Y - a +4 ring of protection
Wands
 F - a wand of paralysis (35)
 H - a wand of flame (20)
 I - a wand of quicksilver (18)
 K - a wand of iceblast (4)
Scrolls
 h - 5 scrolls of immolation
 q - 2 scrolls of fog
 s - 7 scrolls of teleportation {unknown}
 t - 6 scrolls of vulnerability
 y - 6 scrolls of identify
 E - 2 scrolls of summoning
 M - 2 scrolls of amnesia
 Q - 3 scrolls of magic mapping
Potions
 a - a potion of might {unknown}
 d - 3 potions of attraction
 i - a potion of mutation
 k - 3 potions of lignification
 n - 5 potions of curing
 p - 2 potions of resistance
 v - 2 potions of brilliance
 A - a potion of haste
 G - 2 potions of flight
 U - 6 potions of ambrosia
 X - a potion of heal wounds


   Skills:
 * Level 7.9 Fighting
 * Level 11.7 Axes
 + Level 4.2 Throwing
 * Level 5.8 Armour
 * Level 6.8 Dodging
 + Level 5.9 Stealth
 + Level 3.5 Spellcasting
 * Level 4.3 Transmutations
 * Level 8.1 Invocations
 + Level 3.8 Evocations


You had 16 spell levels left.
You knew the following spells:

 Your Spells              Type           Power      Damage    Failure   Level
a - Wereblood             Tmut           9%         N/A       17%         2

Your spell library contained the following spells:

 Spells                   Type           Power      Damage    Failure   Level
 Apportation              Tloc           2%         N/A       54%         1
 Necrotise                Necr           4%         1d4       54%         1
 Summon Small Mammal      Summ           4%         N/A       54%         1
 Cigotuvi's Dreadful Rot  Necr/Pois/Air  2%         N/A       69%         2
 Sublimation of Blood     Necr           1%         N/A       69%         2
 Inner Flame              Hex/Fire       1%         N/A       89%         3
 Blade Hands              Tmut           4%         N/A       97%         5
 Animate Dead             Necr           1%         N/A       100%        4
 Dispel Undead            Necr           1%         3d6       100%        4
 Flame Wave               Conj/Fire      1%         2d4       100%        4
 Sticky Flame             Conj/Fire      1%         2d3       100%        4
 Borgnjor's Vile Clutch   Necr/Erth      0%         N/A       100%        5
 Irradiate                Conj/Tmut      2%         3d12      100%        5
 Death Channel            Necr           0%         N/A       100%        6
 Dragon Form              Tmut           4%         N/A       100%        7
 Summon Hydra             Summ           0%         N/A       100%        7
 Borgnjor's Revivificati  Necr           0%         N/A       100%        8
 Necromutation            Tmut/Necr      2%         N/A       100%        8
 Death's Door             Necr           0%         N/A       100%        9


Dungeon Overview and Level Annotations

Branches:
Dungeon (10/15)            Temple (1/1) D:5            Lair (4/5) D:8
  Swamp (0/4) Lair:2       Spider (0/4) Lair:3          Orc (0/2) D:9
  Sewer (visited)
  Slime: Lair:4-5

Altars:
Ashenzari
Cheibriados
Dithmenos
Fedhas
Gozag
Hepliaklqana
Kikubaaqudgha
Makhleb
Nemelex Xobeh
Okawaru
Qazlal
Ru
Sif Muna
Trog
Uskayaw
Vehumet
Wu Jian
Xom
Yredelemnul
Lugonu

Shops:
D:2 =   D:6 *   D:7 *   D:10 *

Annotations:
D:8 4 runed translucent doors, Darkkill's ghost, novice MiHu
Lair:3 2 transporters, billz999's ghost, journeyman GnHu


Innate Abilities, Weirdness & Mutations

You regenerate a little health from kills.
You are mostly covered in sharp spines.
You are mostly covered in razor-sharp scales. (AC +2, Slay +2)
Your touch may inflict irresistible damage on your foes.
Your muscles are strong. (Str +4, Int/Dex -1)


Message History

The eight-headed hydra barely misses you.
The eight-headed hydra misses you.
The eight-headed hydra barely misses you.
The eight-headed hydra bites you but does no damage.
The eight-headed hydra bites you.
You can now pass through a line of other dancers.
You throw a boomerang.
The boomerang hits the eight-headed hydra!
The eight-headed hydra is heavily wounded.
The eight-headed hydra is struck by your spines.
The eight-headed hydra bites you but does no damage. x4
The eight-headed hydra closely misses you.
The eight-headed hydra bites you but does no damage.
The eight-headed hydra bites you. The eight-headed hydra bites you!
You throw a boomerang.
The boomerang hits the eight-headed hydra.
The eight-headed hydra is severely wounded.
The eight-headed hydra is struck by your spines.
The eight-headed hydra misses you.
The eight-headed hydra bites you but does no damage. x4
The eight-headed hydra bites you. x2
The eight-headed hydra barely misses you.
You are too injured to fight recklessly!
Unknown command.
You are too injured to fight recklessly!
Throw: 14 boomerangs
Press: ? - help, Q - select action, (/) - cycle Shift-Dir - straight line, f/p - eight-headed hydra
Aim: an eight-headed hydra (severely wounded, 81% to hit)
You throw a boomerang.
The boomerang hits the eight-headed hydra!
The eight-headed hydra is almost dead.
The eight-headed hydra is struck by your spines.
The eight-headed hydra bites you.
The eight-headed hydra bites you but does no damage. x3
The eight-headed hydra bites you. The eight-headed hydra bites you!
* * * LOW HITPOINT WARNING * * *
The eight-headed hydra bites you!
* * * LOW HITPOINT WARNING * * *
The eight-headed hydra bites you!
You die...

....##(........
................
.................
............$..?.
.................
.................
....^.D..........
.......@.........
.................
....)............
?................
..........###....
........P## #?.
..$..#P.## #
...#P#### .##


You could see an eight-headed hydra.

Vanquished Creatures
  Fannar (D:10)
  A hydra (Lair:3)
  2 boulder beetles (D:8)
  2 centaur warriors (D:8)
  A two-headed ogre (D:8)
  2 deep elf pyromancers
  An ugly thing (D:10)
  2 cyclopes (D:8)
  Joseph (D:8)
  3 elephants (Lair:2)
  3 cane toads
  An unseen horror (D:8)
  3 komodo dragons
  2 trolls
  A queen bee (Lair:2)
  A hornet (D:8)
  9 blink frogs
  2 polar bears
  2 jumping spiders (Lair:3)
  Sigmund (D:6)
  A vampire (D:9)
  A wraith (D:8)
  3 wyverns
  2 redbacks (Lair:3)
  7 yaks
  A basilisk (Lair:3)
  A steam dragon (Lair:2)
  An acid dragon (D:8)
  4 water moccasins
  2 orc warriors
  An ice beast (D:8)
  2 black bears
  4 wolves (Lair:2)
  6 centaurs
  A phantom (D:6)
  13 bullfrogs
  6 kobold brigands
  2 gnoll sergeants
  2 scorpions
  9 wights
  28 killer bees
  7 howler monkeys
  4 crimson imps (D:5)
  3 jellies
  3 hounds
  6 orc priests
  Crazy Yiuf (D:6)
  2 gnoll boudas
  Jessica (D:3)
  10 orc wizards
  3 sleepcaps
  Robin (D:3)
  7 gnolls
  8 adders
  5 river rats (Sewer)
  A white imp (D:8)
  An ufetubus (D:5)
  5 worms
  4 dart slugs
  26 orcs
  8 ball pythons
  10 endoplasms
  9 giant cockroaches
  14 goblins
  5 hobgoblins
  5 jackals
  11 quokkas
  17 bats
  7 frilled lizards
  22 kobolds
  3 rats
347 creatures vanquished.

Vanquished Creatures (others)
  An orc wizard (D:8)
  A demonic plant (Temple)
  2 fungi
  29 plants
33 creatures vanquished.

Grand Total: 380 creatures vanquished

Notes
Turn   | Place    | Note
-------+----------+-------------------------------------------
     0 | D:1      | gelatine the Demonspawn Gladiator began the quest for the
                  | Orb.
     0 | D:1      | Reached XP level 1. HP: 16/16 MP: 1/1
   467 | D:1      | Gained mutation: You are partially covered in razor-sharp
                  | scales. (AC +1, Slay +1) [demonic ancestry]
   467 | D:1      | Reached XP level 2. HP: 22/22 MP: 2/2
  1159 | D:2      | Reached skill level 3 in Axes
  1160 | D:2      | You fall into a shaft and drop 2 floors!
  1190 | D:4      | Noticed a scorpion
  1229 | D:4      | Gained mutation: You are partially covered in sharp spines.
                  | [demonic ancestry]
  1229 | D:4      | Reached XP level 3. HP: 28/28 MP: 3/3
  1258 | D:4      | Killed a scorpion
  1259 | D:4      | Reached skill level 1 in Armour
  1259 | D:4      | Reached XP level 4. HP: 34/34 MP: 4/4
  1302 | D:4      | Found a glowing drain.
  1329 | Sewer    | Entered a sewer
  1611 | Sewer    | Reached skill level 4 in Axes
  1611 | Sewer    | Gained mutation: You regenerate a little health from kills.
                  | [demonic ancestry]
  1611 | Sewer    | Reached XP level 5. HP: 33/40 MP: 5/5
  1653 | Sewer    | Reached skill level 1 in Stealth
  2148 | D:3      | Noticed Robin
  2158 | D:3      | Killed Robin
  2261 | D:3      | Found a burning altar of Makhleb.
  2263 | D:3      | Noticed a green death
  2570 | D:2      | Gained mutation: You are mostly covered in razor-sharp
                  | scales. (AC +2, Slay +2) [demonic ancestry]
  2570 | D:2      | Reached XP level 6. HP: 47/47 MP: 6/6
  2615 | D:2      | Found Vogyned's Jewellery Emporium.
  2744 | D:3      | Found a shadowy altar of Dithmenos.
  2749 | D:3      | Found an ancient bone altar of Kikubaaqudgha.
  2782 | D:3      | Noticed Jessica
  2787 | D:3      | Killed Jessica
  3178 | D:4      | Reached skill level 5 in Axes
  3218 | D:4      | Learned a level 2 spell: Wereblood
  3314 | D:4      | Gained mutation: You are mostly covered in sharp spines.
                  | [demonic ancestry]
  3314 | D:4      | Reached XP level 7. HP: 52/52 MP: 7/7
  3765 | D:5      | Entered Level 5 of the Dungeon
  3866 | D:5      | Found a bloodstained altar of Trog.
  3930 | D:5      | Found a staircase to the Ecumenical Temple.
  3953 | Temple   | Entered the Ecumenical Temple
  4093 | Temple   | Became a worshipper of Uskayaw the Reveller
  4149 | D:5      | Noticed a wyvern
  4153 | D:5      | Reached * piety under Uskayaw
  4155 | D:5      | Reached ** piety under Uskayaw
  4157 | D:5      | Killed a wyvern
  4157 | D:5      | Reached *** piety under Uskayaw
  4158 | D:5      | Reached skill level 1 in Spellcasting
  4158 | D:5      | Reached skill level 1 in Evocations
  4219 | D:5      | Found a shimmering altar of Xom.
  4229 | D:5      | Reached **** piety under Uskayaw
  4231 | D:5      | Reached skill level 1 in Transmutations
  4232 | D:5      | Reached ***** piety under Uskayaw
  4233 | D:5      | Reached skill level 6 in Axes
  4336 | D:5      | Reached XP level 8. HP: 54/60 MP: 9/9
  4543 | D:6      | Reached skill level 1 in Invocations
  4664 | D:6      | Noticed Sigmund
  4681 | D:6      | Killed Sigmund
  4683 | D:6      | Found Reath's Gadget Gallery.
  4738 | D:6      | Found a sparkling altar of Nemelex Xobeh.
  4907 | D:6      | Found a stormy altar of Qazlal.
  5078 | D:6      | Found a runed translucent door.
  5079 | D:6      | Noticed Crazy Yiuf
  5090 | D:6      | Killed Crazy Yiuf
  5091 | D:6      | Reached skill level 7 in Axes
  5210 | D:7      | Gained mutation: You are frail. (-10% HP) [potion of
                  | mutation]
  5210 | D:7      | Gained mutation: You possess an exceptional clarity of
                  | mind. [potion of mutation]
  5210 | D:7      | Gained mutation: You have very sharp teeth. [potion of
                  | mutation]
  5211 | D:7      | Lost mutation: You are frail. (-10% HP) [potion of
                  | mutation]
  5211 | D:7      | Lost mutation: You have very sharp teeth. [potion of
                  | mutation]
  5211 | D:7      | Lost mutation: You possess an exceptional clarity of mind.
                  | [potion of mutation]
  5211 | D:7      | Gained mutation: You sometimes lose your temper in combat.
                  | [potion of mutation]
  5211 | D:7      | Gained mutation: Your mind is acute. (Int +4, Str/Dex -1)
                  | [potion of mutation]
  5251 | D:7      | Gained mutation: Your touch may inflict minor irresistible
                  | damage on your foes. [demonic ancestry]
  5251 | D:7      | Reached XP level 9. HP: 66/66 MP: 9/12
  5516 | D:7      | Found Vegruo Atypn's General Store.
  5824 | D:8      | Lost mutation: Your mind is acute. (Int +4, Str/Dex -1)
                  | [potion of mutation]
  5824 | D:8      | Lost mutation: You sometimes lose your temper in combat.
                  | [potion of mutation]
  5824 | D:8      | Gained mutation: You occasionally lose the ability to drink
                  | potions when taking damage. [potion of mutation]
  5824 | D:8      | Gained mutation: Your mind is acute. (Int +4, Str/Dex -1)
                  | [potion of mutation]
  5824 | D:8      | Gained mutation: Your magical capacity is low. (-10% MP)
                  | [potion of mutation]
  5825 | D:8      | Lost mutation: Your magical capacity is low. (-10% MP)
                  | [potion of mutation]
  5825 | D:8      | Lost mutation: You occasionally lose the ability to drink
                  | potions when taking damage. [potion of mutation]
  5825 | D:8      | Lost mutation: Your mind is acute. (Int +4, Str/Dex -1)
                  | [potion of mutation]
  5825 | D:8      | Gained mutation: Your muscles are strong. (Str +4, Int/Dex
                  | -1) [potion of mutation]
  6036 | D:8      | Noticed a boulder beetle
  6057 | D:8      | Reached ****** piety under Uskayaw
  6070 | D:8      | Killed a boulder beetle
  6071 | D:8      | Reached skill level 5 in Fighting
  6071 | D:8      | Reached skill level 8 in Axes
  6071 | D:8      | Reached skill level 5 in Dodging
  6162 | D:8      | Noticed a cyclops
  6171 | D:8      | Found a shimmering blue altar of Sif Muna.
  6200 | D:8      | Reached XP level 10. HP: 47/74 MP: 14/14
  6290 | D:8      | Noticed a centaur warrior
  6298 | D:8      | Killed a centaur warrior
  6350 | D:8      | Found a runed translucent door.
  6353 | D:8      | Reached skill level 5 in Invocations
  6470 | D:8      | Found a runed translucent door.
  6471 | D:8      | Noticed a deep elf pyromancer
  6473 | D:8      | Found a runed translucent door.
  6750 | D:8      | Noticed Joseph
  6760 | D:8      | Killed Joseph
  7061 | D:8      | Found a blossoming altar of Fedhas.
  7098 | D:8      | Noticed a boulder beetle
  7099 | D:8      | Noticed a two-headed ogre
  7105 | D:8      | Noticed a cyclops
  7111 | D:8      | Killed a boulder beetle
  7111 | D:8      | Killed a two-headed ogre
  7112 | D:8      | Reached skill level 9 in Axes
  7114 | D:8      | Killed a cyclops
  7114 | D:8      | Noticed a centaur warrior
  7124 | D:8      | Killed a centaur warrior
  7125 | D:8      | Reached XP level 11. HP: 36/81 MP: 16/16
  7353 | D:8      | Found a staircase to the Lair.
  7698 | D:8      | Found a runed translucent gate.
  7699 | D:8      | Found a runed translucent gate.
  7699 | D:8      | Found a runed translucent gate.
  7699 | D:8      | Noticed Darkkill's ghost (novice MiHu)
  7700 | D:8      | Noticed a ten-headed hydra
  7780 | D:8      | Identified the +5 dagger "Zujonob" {freeze, rC+ Str+2 Int+3
                  | SInv}
  8110 | D:8      | Killed a deep elf pyromancer
  8396 | D:9      | Reached skill level 10 in Axes
  8464 | D:9      | Found a snail-covered altar of Cheibriados.
  8935 | D:9      | Found a staircase to the Orcish Mines.
  9017 | D:10     | Entered Level 10 of the Dungeon
  9043 | D:10     | Noticed Fannar
  9059 | D:10     | Killed Fannar
  9060 | D:10     | Reached skill level 5 in Armour
  9407 | D:10     | Noticed a deep elf pyromancer
  9411 | D:10     | Noticed a green ugly thing
  9428 | D:10     | Killed a deep elf pyromancer
  9435 | D:10     | Killed a green ugly thing
  9639 | D:10     | Found Cuef's Assorted Antiques.
  9646 | D:10     | Bought a scroll of enchant weapon for 172 gold pieces
  9789 | D:10     | Found a broken altar of Ashenzari.
 10054 | Lair:1   | Entered Level 1 of the Lair of Beasts
 10379 | Lair:1   | Reached skill level 11 in Axes
 10996 | Lair:2   | Found a staircase to the Swamp.
 11014 | Lair:2   | Reached skill level 5 in Stealth
 11014 | Lair:2   | Gained mutation: Your touch may inflict irresistible damage
                  | on your foes. [demonic ancestry]
 11014 | Lair:2   | Reached XP level 12. HP: 91/91 MP: 15/17
 11213 | Lair:2   | Identified the +4 scale mail of Pantheism {rC+ Stlth+}
 11442 | Lair:2   | You fall into a shaft and drop 1 floor!
 11559 | Lair:3   | Found a hole to the Spider Nest.
 11830 | Lair:3   | Found a transporter.
 11830 | Lair:3   | Found a transporter.
 11880 | Lair:3   | Noticed a seven-headed hydra
 11880 | Lair:3   | Noticed billz999's ghost (journeyman GnHu)
 12376 | Lair:4   | Noticed an eight-headed hydra
 12377 | Lair:4   | Noticed an eight-headed hydra
 12389 | Lair:3   | Killed a nine-headed hydra
 12520 | Lair:4   | Slain by an eight-headed hydra

Illustrated notes

Levels and vault maps discovered:
D:1:      nicolae_arrival_somewhat_less_tricky_arrival, layout_loops_corners,
          amcnicky_mini_rare_corridor_liquid, minmay_misc_feat_square,
          eino_curves_01, minmay_misc_feat_nine_boxes
D:2:      layout_basic, serial_shops, nicolae_diamond_shop
D:3:      layout_loops_ring, makhleb_altar_promises_db,
          grunt_temple_overflow_open, minmay_crystal_room, uniq_jessica,
          uniq_robin
D:4:      layout_rooms, gup_sewer_entry_pipe, serial_rivers,
          chequers_serial_rivers_large_a, chequers_serial_rivers_micro_b,
          chequers_serial_rivers_micro_d, chequers_serial_rivers_small_a,
          chequers_serial_rivers_small_3, serial_bayou_lagoon_a
D:5:      layout_rooms, led_xom_imps, mainiacjoe_overflow_surrounded_room,
          minmay_temple_entry_junction
D:6:      layout_rooms, mainiacjoe_overflow_boulevard,
          mainiacjoe_overflow_brackets, nicolae_shop_gadgets, uniq_sigmund,
          uniq_crazy_yiuf_cottage
D:7:      layout_loops_ring, serial_shops, shop
D:8:      minmay_the_grid_four_pointed_star
          [minmay_the_grid_triangle_9x9_descending_squares,
          minmay_the_grid_triangle_9x9_cache,
          minmay_the_grid_triangle_9x9_alien,
          minmay_the_grid_triangle_9x9_fully_insulated_deathbox,
          minmay_the_grid_prize_inner_circle], layout_basic,
          mainiacjoe_overflow_large_starburst, lair_entry_dummy,
          gammafunk_ghost_hydra_chop, serial_corexii_hall,
          corexii_hall_statues_i, corexii_hall_statues_l, minmay_pinched_square,
          uniq_joseph
D:9:      layout_loops_cross, slow_altar_1, orc_0_dummy,
          chequers_serial_rivers_small_a, minmay_misc_feat_room
D:10:     layout_irregular_city, mainiacjoe_overflow_alcove_2, serial_glass,
          glass_columns_b, glass_columns_b, item_on_display_a,
          item_on_display_b, serial_shops, nicolae_shop_overgrown_old_shop,
          uniq_fannar
Temple:   kb_corrupted_temple
Lair:1:   layout_cave_pods
Lair:2:   layout_roguey [special_room_bee], swamp_mist, roderic_batcave
Lair:3:   layout_hall_layers, spider_nest_entry_a, nzn_ghost_randoct,
          serial_bayou_pond_b, chequers_serial_rivers_large_b
Lair:4:   layout_cave_shapes, nicolae_slime_entry_field_trip

Skill      XL: |  1  2  3  4  5  6  7  8  9 10 11 12 |
---------------+-------------------------------------+-----
Axes           | 3 4 5 6 7 8 9 11 | 11.7
Throwing       | 2 3 4 |  4.2
Armour         | 1 2 3 4 5 |  5.8
Dodging        | 3 4 5 6 |  6.8
Fighting       | 3 4 5 7 |  7.9
Stealth        | 1 2 3 4 5 |  5.9
Spellcasting   | 1 2 3 |  3.5
Evocations     | 1 2 3 |  3.8
Transmutations | 1 2 3 4 |  4.3
Invocations    | 3 4 6 7 8 |  8.1

Action                     |  1- 3 |  4- 6 |  7- 9 | 10-12 || total
---------------------------+-------+-------+-------+-------++-------
  Melee: War axe           |    43 |   140 |   164 |    57 ||   404
         Punch             |       |       |     2 |       ||     2
         Touch             |       |       |    19 |    11 ||    30
         Battleaxe         |       |       |       |   203 ||   203
  Throw: Throwing net      |     2 |     3 |       |       ||     5
         Javelin           |       |     6 |     7 |       ||    13
         Boomerang         |       |       |    16 |   103 ||   119
   Cast: Wereblood         |       |       |    10 |    13 ||    23
 Invoke: Stomp             |       |       |       |     1 ||     1
  Evoke: Wand              |       |       |       |     1 ||     1
    Use: Scroll            |     2 |     3 |    10 |     7 ||    22
         Potion            |       |     3 |     6 |     2 ||    11
   Stab: Sleeping          |     2 |     7 |     2 |     4 ||    15
         Distracted        |       |     1 |     1 |       ||     2
         Paralysed         |       |       |    14 |    36 ||    50
 Armour: Leather armour    |     8 |    41 |     1 |    91 ||   141
         Robe              |       |       |    42 |    16 ||    58
         Scale mail        |       |       |       |    71 ||    71
  Dodge: Dodged            |    18 |   107 |   109 |   246 ||   480

Table legend: (Time is in decaauts)
 A = Elapsed time spent in this place.
 B = Non-inter-level travel time spent in this place.
 C = Inter-level travel time spent in this place.
 D = Time resting spent in this place.
 E = Time spent auto-exploring this place.
 F = Levels seen in this place.
 G = Mean time per level.
                   A        B        C        D        E       F      G
               +--------+--------+--------+--------+--------+-----+--------+
         Total |  12914 |  12201 |    713 |      0 |   9525 |  16 |  807.1 |
       Dungeon |   9316 |   8729 |    587 |      0 |   6871 |  10 |  931.6 |
        Temple |    173 |    129 |     44 |      0 |     89 |   1 |  173.0 |
          Lair |   2521 |   2439 |     82 |      0 |   1991 |   4 |  630.2 |
         Sewer |    903 |    903 |      0 |      0 |    573 |   1 |  903.0 |
               +--------+--------+--------+--------+--------+-----+--------+

Top non-repeatable levels by time:
     D:8: 2415 daAuts
     D:1: 1153 daAuts
    D:10: 1009 daAuts
  Lair:1: 946 daAuts
     D:4: 946 daAuts
   Sewer: 903 daAuts
  Lair:3: 881 daAuts
     D:9: 858 daAuts
  Lair:2: 668 daAuts
     D:6: 657 daAuts
     D:7: 651 daAuts
     D:3: 629 daAuts
     D:5: 604 daAuts
     D:2: 390 daAuts
  Temple: 173 daAuts
